Map: Orbital Shipyard

Players

State - Winner!

  • Race: Protoss Protoss
  • League: Grandmaster

吉許

  • Race: Terran Terran
  • League: Master

VOD

Have the link to the VOD?

Description

Time

  • Played on: Jan. 4, 2016, 9:50 p.m.
  • Length: 10:10
Show
View Real Time Build Order
Export as new Build Order

State Protoss - Winner!

Build Orders: 1 Gate Expand, 12 Pool, Oracle Opening 

Get SALT Encoding   

  12  0:00  Probe (Chrono Boost)  
  13  0:11  Probe (Chrono Boost)  
  14  0:17  Pylon  
  14  0:22  Probe (Chrono Boost)  
  15  0:36  Gateway, Probe (Chrono Boost)  
  15  0:42  Assimilator  
  16  0:47  Probe (Chrono Boost)  
  17  0:58  Probe (Chrono Boost)  
  18  1:08  Probe (Chrono Boost)  
  19  1:19  Nexus  
  19  1:24  Probe (Chrono Boost)  
  20  1:31  Cybernetics Core  
  20  1:35  Probe (Chrono Boost)  
  21  1:42  Assimilator  
  21  1:46  Probe (Chrono Boost)  
  22  1:50  Pylon  
  22  1:58  Probe (Chrono Boost)  
  23  2:09  Mothership Core (Chrono Boost)  
  23  2:11  Adept (Chrono Boost)  
  27  2:16  Pylon  
  27  2:23  Warp Gate  
  27  2:30  Probe (Chrono Boost)  
  28  2:38  Adept (Chrono Boost)  
  28  2:41  Probe  
  31  2:50  Probe  
  31  2:54  Probe  
  33  2:59  Stargate  
  33  3:01  Probe (Chrono Boost)  
  34  3:06  Probe (Chrono Boost)  
  35  3:13  Probe (Chrono Boost)  
  35  3:17  Probe (Chrono Boost)  
  37  3:23  Probe (Chrono Boost)  
  38  3:27  Probe (Chrono Boost), Pylon  
  38  3:28  Pylon  
  38  3:29  Pylon  
  38  3:34  Probe (Chrono Boost)  
  40  3:38  Probe (Chrono Boost)  
  41  3:44  Probe (Chrono Boost), Adept, Oracle (Chrono Boost)  
  48  3:48  Probe (Chrono Boost)  
  48  3:53  Probe (Chrono Boost)  
  49  3:59  Probe, Assimilator  
  50  4:04  Probe  
  49  4:11  Probe  
  49  4:14  Probe  
  51  4:22  Oracle (Chrono Boost)  
  51  4:23  Probe  
  55  4:25  Probe  
  54  4:31  Twilight Council  
  54  4:35  Probe x2  
  56  4:41  Assimilator  
  56  4:42  Pylon  
  56  4:43  Gateway  
  56  4:45  Gateway  
  56  4:46  Probe  
  56  4:47  Probe  
  58  4:52  Gateway  
  58  4:54  Robotics Facility  
  60  5:00  Mothership Core  
  60  5:12  Probe  
  60  5:14  Oracle (Chrono Boost)  
  61  5:17  Gateway, Forge  
  61  5:21  Probe  
  62  5:24  Probe  
  62  5:26  Blink (Chrono Boost)  
  62  5:35  Probe  
  62  5:36  Probe  
  62  5:40  Nexus  
  62  5:41  Pylon  
  64  5:43  Pylon  
  64  5:46  Pylon  
  64  5:50  Protoss Ground Armor Level 1  
  64  5:54  Oracle  
  64  6:04  Probe x2  
  69  6:10  Pylon  
  69  6:22  Probe x2, Warp Prism (Chrono Boost)  
  69  6:23  Stalker  
  69  6:24  Stalker x4  
  80  6:34  Probe x2  
  80  6:37  Pylon  
  82  6:44  Gateway  
  82  6:46  Probe x2  
  84  6:57  Sentry x2  
  84  6:58  Probe x2  
  84  6:59  Probe, Oracle (Chrono Boost)  
  94  7:03  Sentry, Assimilator  
  94  7:04  Assimilator  
  94  7:07  Resonating Glaives  
  96  7:10  Probe x2  
  96  7:13  Gateway  
  98  7:18  Pylon  
  98  7:19  Probe, Gateway  
  98  7:22  Probe, Adept x3  
  106  7:31  Probe  
  106  7:32  Probe  
  106  7:34  Immortal (Chrono Boost)  
  112  7:37  Forge  
  112  7:38  Pylon  
  112  7:41  Adept x2  
  112  7:43  Adept  
  118  7:48  Pylon  
  118  7:50  Pylon  
  118  7:51  Adept  
  118  7:57  Stalker  
  118  7:58  Stalker  
  124  8:01  Pylon  
  124  8:10  Stalker x3  
  130  8:14  Protoss Ground Weapons Level 1  
  130  8:26  Adept x5  
  126  8:54  Stalker x4  
  126  8:55  Stalker x4  
  132  9:00  Probe x2  
  130  9:04  Probe  
  119  9:15  Probe  
  118  9:19  Stalker x8  
  115  9:42  Stalker x8  
  119  9:55  Nexus, Pylon  
  117  10:07  Adept  
  117  10:08  Adept x5  
Show
View Real Time Build Order
Export as new Build Order

吉許 Terran 

Build Orders: Reaper Expand, MMM Bio 

Get SALT Encoding   

  12  0:01  SCV  
  13  0:13  SCV  
  14  0:18  Supply Depot  
  14  0:25  SCV  
  15  0:40  SCV, Barracks  
  16  0:44  Refinery  
  16  0:52  SCV  
  17  1:04  SCV  
  18  1:16  SCV  
  19  1:27  Reaper  
  19  1:28  Orbital Command  
  20  1:40  Command Center  
  20  1:54  SCV, Supply Depot  
  21  1:59  Barracks Reactor  
  21  2:06  SCV  
  22  2:18  SCV  
  22  2:22  Command Center  
  23  2:30  SCV  
  23  2:36  Marine x2  
  26  2:41  Factory  
  26  2:42  SCV  
  27  2:52  Orbital Command  
  27  2:54  SCV, Marine  
  27  2:56  Marine  
  30  3:06  SCV  
  30  3:11  Marine  
  32  3:14  Marine  
  32  3:18  SCV  
  35  3:20  SCV  
  35  3:24  Factory Tech Lab  
  35  3:30  SCV  
  35  3:31  Marine  
  35  3:32  SCV, Marine  
  39  3:39  Orbital Command  
  39  3:42  Barracks  
  39  3:43  SCV, Cyclone  
  39  3:44  SCV  
  39  3:47  Barracks  
  44  3:50  Marine  
  44  3:55  SCV  
  47  3:56  SCV  
  47  4:01  Marine  
  48  4:03  Supply Depot  
  48  4:07  SCV  
  48  4:19  Marine  
  48  4:29  SCV x2, Cyclone  
  46  4:36  Marine  
  46  4:40  SCV  
  46  4:41  SCV  
  46  4:42  Barracks Tech Lab  
  46  4:43  SCV, Barracks Tech Lab  
  49  4:45  Refinery  
  49  4:46  Refinery  
  49  4:48  Refinery  
  49  4:49  Engineering Bay  
  49  4:51  Engineering Bay  
  49  4:52  SCV  
  50  4:55  SCV x2  
  50  4:59  Barracks Reactor  
  52  5:04  SCV  
  49  5:07  SCV  
  49  5:08  SCV  
  49  5:16  SCV  
  49  5:19  SCV  
  49  5:20  SCV, Marauder x2  
  56  5:25  Supply Depot  
  57  5:28  SCV  
  57  5:32  SCV x2  
  57  5:35  Marine x2  
  59  5:38  Supply Depot  
  59  5:39  Stimpack  
  61  5:47  SCV x3  
  64  5:50  Supply Depot  
  64  5:53  Orbital Command  
  64  5:54  Supply Depot, Marine x2  
  64  5:55  Marauder  
  68  5:59  SCV  
  68  6:00  SCV, Marauder  
  68  6:02  Starport  
  72  6:07  Missile Turret  
  72  6:08  Factory Reactor  
  69  6:11  SCV  
  69  6:12  SCV  
  69  6:13  Terran Infantry Weapons Level 1  
  68  6:21  SCV  
  68  6:23  SCV  
  68  6:24  SCV  
  71  6:31  Missile Turret  
  73  6:32  Marine  
  73  6:33  SCV, Marauder x2, Marine  
  73  6:35  SCV  
  73  6:36  SCV  
  80  6:40  Supply Depot  
  80  6:42  Combat Shields  
  80  6:45  SCV  
  81  6:48  SCV x2  
  81  6:50  Medivac x2  
  84  6:57  SCV  
  84  6:59  Marauder x2  
  84  7:00  SCV x2  
  91  7:04  Missile Turret  
  91  7:05  Supply Depot  
  91  7:08  Marine x2  
  93  7:09  SCV  
  93  7:12  SCV x2, Siege Tank  
  99  7:18  Refinery  
  99  7:20  Refinery  
  99  7:21  SCV, Terran Infantry Armor Level 1  
  100  7:24  SCV  
  100  7:26  Armory  
  100  7:27  SCV  
  100  7:28  Marine x2  
  100  7:29  Marauder  
  106  7:32  Marauder  
  106  7:33  SCV  
  106  7:36  Liberator  
  109  7:41  Supply Depot  
  109  7:42  SCV x2, Supply Depot  
  111  7:45  Liberator  
  111  7:46  Marine x2  
  111  7:48  SCV  
  114  7:56  Barracks  
  117  8:00  Barracks  
  117  8:02  SCV, Factory Reactor  
  117  8:03  SCV  
  122  8:08  Supply Depot  
  122  8:09  SCV  
  122  8:11  Supply Depot  
  123  8:13  Concussive Shells  
  123  8:15  SCV x2  
  124  8:21  SCV  
  126  8:27  SCV  
  126  8:31  Marine  
  125  8:35  Marine  
  125  8:36  Marauder  
  125  8:43  Marine  
  116  8:49  Marine  
  116  8:50  SCV x2  
  116  8:51  SCV  
  116  8:53  Marine  
  115  8:57  Marauder  
  115  9:01  Marauder  
  106  9:02  SCV  
  106  9:06  SCV x2  
  106  9:07  Marine  
  95  9:11  Marine  
  95  9:15  SCV  
  86  9:18  SCV  
  86  9:19  SCV, Marauder  
  86  9:23  Marauder  
  88  9:24  Marine  
  88  9:27  SCV  
  88  9:29  Marine  
  71  9:40  Marauder  
  71  9:41  SCV x2  
  71  9:42  Marine  
  71  9:44  Marauder  
Tags
 
Add a new tag
Caveats
  • Supply blocks, unpowered buildings, or Contaminate may cause inaccurate times.
  • Supply counts are checked every 10 seconds.